[Event "15th Tashkent Open Agzamov 2022"]
[Site "Tashkent"]
[Date "2022.05.08"]
[Round "7.10"]
[White "Saydaliev, Saidakbar"]
[Black "Mchedlishvili, Mikheil"]
[Result "0-1"]
[ECO "A62"]
[WhiteElo "2343"]
[BlackElo "2595"]
[Annotator "TA"]
[PlyCount "110"]
[EventDate "2022.05.05"]
[EventType "swiss"]
[EventCountry "UZB"]
[SourceTitle "playchess.com"]
[Source "ChessBase"]
[SourceQuality "1"]
[TimeControl "5400+30"]

1. d4 Nf6 2. c4 c5 3. d5 e6 4. Nc3 exd5 5. cxd5 d6 6. Nf3 g6 7. g3 Bg7 8. Bg2 O-O 9. O-O Re8 10. Bf4 h6 {[%emt 0:01:04] Recently 10...Bf5 got a lot of attention. A62: Modern Benoni: Fianchetto Variation without early ...Nbd7.} 11. Re1 g5 12. Bc1 Nbd7 {[%emt 0:13:54] [#] White has an edge.} 13. Nd2 $146 ({Predecessor:} 13. Qc2 a6 14. a4 Rb8 15. h4 g4 16. Nd2 Ne5 17. b3 {0-1 (36) Sorokin,A (2511)-Vidit,S (2723) Moscow 2018}) 13... Ne5 14. Nf1 Bf5 15. f4 gxf4 16. gxf4 Ng6 {[%emt 0:01:35] Black is much more active. The white rooks are badly placed.} 17. Ng3 Bd7 18. f5 {[%emt 0:19:52] [#]} Ne5 ({Better is} 18... Ng4 $1 $17 {[%cal Od8h4] Threatens to win with ...Qh4!} 19. fxg6 Qh4) 19. e4 c4 20. Nh5 ({White should try} 20. Rf1 $15) 20... Nfg4 $1 $17 21. Be3 {[%emt 0:04:40] Inhibits Qb6.} (21. Rf1 $17 Qb6+ 22. Kh1 Nf2+ 23. Rxf2 Qxf2 24. Nxg7 Kxg7 25. Bd2) 21... Nxe3 $2 (21... Qh4 $2 22. h3 Qxh5 23. hxg4 Nxg4 24. Bf4 $19) (21... Bh8 $19 22. h3 Nxe3 23. Rxe3 Qh4) 22. Rxe3 Qb6 $36 {[%emt 0:00:20][%csl LRb2,LRe3][%mdl 2048] White is under strong pressure.} 23. Qe2 Bh8 24. Kh1 Kh7 25. Bh3 (25. Rg3 Nd3 26. Rf1 Be5 $17) 25... Nd3 {[%emt 0:10:15] Strongly threatening ...Rg8.} 26. e5 $2 (26. Rf1 $1 $15) 26... Rxe5 $19 (26... Bxe5 $2 27. Rxe5 Rxe5 28. Ne4 Bxf5 29. Bxf5+ Rxf5 30. Qg4 Nf2+ 31. Nxf2 Rxh5 32. Qxh5 Qxf2 33. Rg1 $19) 27. Rxe5 Bxe5 (27... dxe5 28. Ne4 $17) 28. Ne4 {[%emt 0:02:22] Prevents Nf2+.} Qd4 (28... Qxb2 $2 29. Qxb2 Bxb2 30. Rg1 $19) 29. Rf1 Rg8 30. Nhg3 $2 (30. Bg2) 30... Nf4 31. Rxf4 Bxf4 32. Qh5 Rg7 (32... Bxg3 33. Qxf7+ Kh8 34. Nxg3 Qd1+ 35. Kg2 c3 $1 36. Qf6+ Kh7 37. Qxc3 Rc8) 33. f6 {[%emt 0:01:10] [#]} Bxg3 $1 34. Nxg3 Bxh3 (34... Qxb2 35. fxg7 Bxh3 36. Qxh3 $11) 35. fxg7 Qg4 {[%emt 0:00:25] Really sharp!} (35... Qxb2 $6 36. Qxh3 Qc1+ 37. Kg2 $11 (37. Nf1 c3 $11)) 36. Qxg4 Bxg4 $17 {[%emt 0:00:02][%mdl 4096] Endgame KB-KN} 37. Kg2 Kxg7 38. Ne4 Bd7 39. Nxd6 b5 40. Ne4 {[%emt 0:00:13] [#]} Bf5 (40... b4 $1 $17 {Hoping for ...f5.} 41. Kf2 f5) 41. Nc5 $2 (41. Nd6 $1 $11 {and White stays safe.} Bd7 42. Kf3) 41... b4 {[%emt 0:00:34] ...Kf6 is the strong threat.} 42. Kf2 {[%emt 0:00:43] [#]} Bb1 ({Black should play} 42... Kf8 $1 {[%cal Rf8e7] White must now prevent ...Ke7.} 43. d6 Ke8) 43. a4 (43. Ke3 $17 {was called for.}) 43... Kf8 $19 44. d6 Bf5 (44... Ke8 $19 {and Black stays clearly on top. aiming for ...Ba2.} 45. a5 f5) 45. Ke3 $17 c3 ({Of course not} 45... Ke8 46. Kd4 $11) 46. b3 (46. bxc3 $17 {was the crucial defense.} bxc3 47. Ke2) 46... Ke8 $19 {[%emt 0:00:38] Black is clearly winning.} 47. a5 (47. Na6 $142 Be6 48. Nxb4) 47... Be6 48. Kd3 Bd5 ({Don't go for} 48... Bf5+ $2 49. Ke3 $19) 49. Ke3 f5 ({Avoid the trap} 49... Be6 $2 50. Kd3 $19) 50. Nd3 Bxb3 51. Nxb4 Kd7 52. Kd4 c2 53. Nd3 Kxd6 54. Kc3 Bd5 {[%emt 0:01:06] And now ...Be4 would win.} 55. Kd2 Be4 {[%emt 0:02:23] Weighted Error Value: White=0.92/Black=0.34} 0-1

[Event "15th Tashkent Open Agzamov 2022"]
[Site "Tashkent"]
[Date "2022.05.09"]
[Round "8.1"]
[White "Sanal, Vahap"]
[Black "Indjic, Aleksandar"]
[Result "1/2-1/2"]
[ECO "C47"]
[WhiteElo "2575"]
[BlackElo "2621"]
[Annotator "TA"]
[PlyCount "92"]
[EventDate "2022.05.05"]
[EventType "swiss"]
[EventCountry "UZB"]
[SourceTitle "playchess.com"]
[Source "ChessBase"]
[SourceQuality "1"]
[TimeControl "5400+30"]

1. e4 e5 2. Nf3 Nf6 3. Nc3 Nc6 4. d4 Bb4 5. Nxe5 Bxc3+ 6. bxc3 Qe7 $1 7. Nxc6 {[%emt 0:00:41] C47: Scotch Four Knights and Four Knights with 4 g3.} Qxe4+ 8. Qe2 dxc6 9. Qxe4+ {[%emt 0:03:48] White is slightly better.} Nxe4 10. c4 Bf5 {[%emt 0:01:33] [#]} 11. f3 $146 ({Predecessor:} 11. Be3 O-O-O 12. f3 Nd6 13. c5 Nb5 14. Bxb5 cxb5 15. Kd2 Rhe8 16. Rhe1 Re6 17. a3 {½-½ (30) Singh,G (2284)-Safin,S (2528) Aden 2002}) 11... Nf6 12. c3 O-O-O 13. Kf2 Rde8 14. Bf4 (14. g4 {is more complex.} Bc2 15. h4 h5 16. g5) 14... Nd7 15. a4 h5 16. h4 c5 17. a5 cxd4 (17... f6 $14) 18. cxd4 $16 c5 19. d5 Ne5 20. Ra3 {[%emt 0:00:19] Prevents Nd3+.} Re7 21. Be3 Rhe8 22. Bxc5 Rc7 23. Bd6 Nxc4 24. Bxc7 Nxa3 25. Bf4 a6 26. Be2 {[%emt 0:02:53] Rc1+ is the strong threat.} Kd7 (26... Nc2 $16 {was worth a try.}) 27. Rc1 $1 $18 {[%emt 0:01:27] Threatens to win with Rc7+.} Bc2 28. g4 $1 hxg4 29. fxg4 Re4 30. Be3 {[%emt 0:05:24] aiming for Bc5.} Kd6 31. Bf3 Rc4 {[%emt 0:00:57] [#] Prevents Bc5+.} 32. h5 $1 f6 33. h6 gxh6 34. Bxh6 {[%emt 0:01:39] A strong pair of Bishops.} Nb5 35. Bf8+ (35. Be2 $16 Rc8 {[#]} 36. Bd3 $1 (36. Bf4+ Kd7 $16)) 35... Kd7 $14 36. Re1 Nd4 37. Bg2 {[%emt 0:01:42] Hoping for Re7+.} Ba4 ({Black should try} 37... Nb5 $14) 38. Re7+ Kc8 39. d6 Bc6 40. Bf1 {[%emt 0:02:49] White is more active.} (40. Rc7+ $16 Kb8 41. Bxc6 Nxc6 42. Be7) 40... Rc3 $11 41. Rc7+ Kb8 (41... Kd8 $5 ) 42. Rh7 (42. Rf7 $14 Rf3+ 43. Ke1) 42... Rf3+ {[%emt 0:00:26] The position is equal.} 43. Kg1 Rg3+ 44. Kf2 Rf3+ 45. Kg1 {[%emt 0:00:03] And now d7 would win.} Rg3+ 46. Kf2 Rf3+ $1 {[%emt 0:01:15] Weighted Error Value: White=0.13 (very precise) /Black=0.12 (very precise)} 1/2-1/2

[Event "15th Tashkent Open Agzamov 2022"]
[Site "Tashkent"]
[Date "2022.05.09"]
[Round "8.2"]
[White "Sindarov, Javokhir"]
[Black "Romanov, Evgeny"]
[Result "1/2-1/2"]
[ECO "C18"]
[WhiteElo "2609"]
[BlackElo "2573"]
[Annotator "TA"]
[PlyCount "92"]
[EventDate "2022.05.05"]
[EventType "swiss"]
[EventCountry "UZB"]
[SourceTitle "playchess.com"]
[Source "ChessBase"]
[SourceQuality "1"]
[TimeControl "5400+30"]

1. e4 e6 2. d4 d5 3. Nc3 Bb4 4. e5 c5 5. a3 Bxc3+ 6. bxc3 Qa5 7. Bd2 Qa4 8. Qg4 Kf8 $1 9. Qd1 {[%emt 0:01:17] 9.h4 is more fashionable. C18: French: 3 Nc3 Bb4: Main line: 7 h4 and 7 Qg4.} Nc6 10. Nf3 Nge7 11. h4 {[%emt 0:02:27] White is slightly better.} cxd4 12. h5 dxc3 13. Bxc3 Qe4+ 14. Be2 {[%emt 0:00:05][%mdl 1024] aiming for Rh4. White has compensation.} Nf5 {[%emt 0:00:19] Prevents Rh4.} 15. Kf1 {[%emt 0:00:24] [#]} h6 $146 ({Predecessor:} 15... d4 16. Bb2 Nxe5 17. Nxe5 Qxe5 18. g4 Ne7 19. Bxd4 Qd5 20. Rh3 f6 21. h6 e5 22. Bc5 Kf7 23. Bxe7 Qxd1+ 24. Rxd1 Kxe7 25. Rc3 gxh6 26. Rc7+ {1-0 (26) Langheinrich,F (2210)-Gasthofer,V (2350) Germany 1998}) 16. Bd3 {[%emt 0:18:40] A strong pair of Bishops.} Qg4 17. a4 b6 18. a5 bxa5 19. Bxa5 Bd7 20. c3 ({White should try} 20. Bd2 $14) 20... Nxa5 $11 21. Rxa5 Ke7 $1 22. Rh3 Rhc8 23. Qa1 Ke8 24. Kg1 Rc7 25. Qa3 Rac8 $40 {[%emt 0:05:02][%mdl 128] Black mounts an attack.} 26. c4 (26. Bxf5 $11 {and White is okay.} Qxf5 27. Rxa7) 26... dxc4 $19 27. Bxf5 Qxf5 28. Rg3 Qd3 $1 (28... Qxh5 $2 29. Rxg7 Qg6 30. Rxg6 fxg6 31. Qc3 $18) 29. Qb4 Qb3 $1 30. Qd6 Rc6 31. Qd4 Qd3 (31... Qb1+ 32. Kh2 Qb6 33. Rxg7 (33. Rxa7 Qxd4 34. Nxd4 Rc5 $19) 33... Qxd4 34. Nxd4) (31... c3 $1 $19 {[%cal Rc3c2] And now ...c2 would win.} 32. Rxg7 (32. Rxa7 $2 Qd5 $19) 32... Qc4 33. Rg8+ (33. Rxa7 $2 Qxd4 34. Nxd4 c2 $19) 33... Ke7 34. Rxc8 Rxc8 35. Qd6+ (35. Rxa7 $2 Qxd4 36. Nxd4 c2 $19) 35... Ke8 36. Rxa7 Qd5 $1 37. Qxd5 (37. Rxd7 $2 Qxd6 38. Rxd6 c2 $19) 37... exd5) 32. Rxg7 {[%emt 0:02:24] [#] White threatens Rg8+ and mate.} Qxd4 $1 (32... Kf8 $2 33. Qg4 Be8 34. Rg8+ Ke7 35. Nd4 $18) 33. Nxd4 R6c7 ({Black should play} 33... Kf8 $17 34. Rh7 R6c7 35. Rh8+ (35. Rxh6 Kg8 $17) 35... Kg7 36. Rxc8 Bxc8) 34. Rg8+ $15 ({Not} 34. Rh7 $2 Ke7 35. Rxh6 c3 $19) 34... Ke7 35. Rxc8 Rxc8 36. Rxa7 {[%emt 0:00:15][%mdl 4096] Endgame KRB-KRN} c3 {[%emt 0:00:14] Threatens to win with ...c2.} 37. Nc2 Ke8 38. f3 Bb5 39. Kf2 Rd8 40. Na3 (40. Ke3 $15) 40... Rd2+ (40... c2 $1 $17 41. Rc7 Rd2+ 42. Kg3 Bd3 43. Rc8+ Kd7) 41. Ke3 Re2+ (41... Bf1 $5 42. Rc7 Re2+ 43. Kf4 Rxg2 $15) 42. Kd4 c2 43. Rc7 Rd2+ 44. Ke4 Ba4 45. g4 Re2+ 46. Kd3 Rxe5 {[%emt 0:00:56] And White is the lucky defender.  Weighted Error Value: White=0.22 (precise) /Black=0.12 (very precise)} 1/2-1/2

[Event "15th Tashkent Open Agzamov 2022"]
[Site "Tashkent"]
[Date "2022.05.09"]
[Round "8.3"]
[White "Asadli, Vugar"]
[Black "Utegaliyev, Azamat"]
[Result "1/2-1/2"]
[ECO "B40"]
[WhiteElo "2578"]
[BlackElo "2463"]
[Annotator "TA"]
[PlyCount "79"]
[EventDate "2022.05.05"]
[EventType "swiss"]
[EventCountry "UZB"]
[SourceTitle "playchess.com"]
[Source "ChessBase"]
[SourceQuality "1"]
[TimeControl "5400+30"]

1. e4 c5 2. Nc3 a6 3. Nf3 e6 4. g3 b5 5. Bg2 Bb7 6. d3 Be7 7. O-O d6 8. e5 {[%emt 0:07:05] is the legacy move (8.Re1). B40: Sicilian: 2...e6, Unusual lines.} dxe5 $1 9. Nxe5 Bxg2 10. Kxg2 Nd7 11. Nc6 Qb6 12. Nxe7 Nxe7 {[%emt 0:00:05][%cal Bg8e7,Be7f5,Bf5d4][%mdl 32] [#]} 13. b3 $146 ({Predecessor:} 13. f4 Nf5 14. Qf3 O-O 15. Qf2 Rac8 16. Bd2 Qc6+ 17. Kg1 Nf6 18. Rae1 Nd4 19. Rc1 {0-1 (57) Nuber,K (2258)-Weiss,C (2401) Bayern 2013}) 13... Qc6+ (13... O-O {keeps more tension.} 14. Bb2 f5 15. a4 Rae8) 14. f3 O-O 15. Bb2 Rac8 16. a4 Nf5 {[%emt 0:01:15] [#] ...Ne3+ is the strong threat.} 17. Qd2 {[%emt 0:00:16] Prevents Ne3+.} b4 18. Ne4 Nd4 {[%emt 0:01:33] Pair of Knights!} 19. Qf2 e5 20. Rac1 f5 21. Nd2 Qd5 22. Kg1 Rce8 23. Qg2 Re6 24. Nc4 Qc6 25. Rce1 (25. f4 $5 ) 25... Rfe8 26. Rf2 h5 27. Bxd4 {[%emt 0:03:01] The position is equal.} cxd4 28. Qh3 g6 (28... e4 {is interesting.} 29. fxe4 fxe4 30. Qxh5 g6) 29. g4 hxg4 30. fxg4 fxg4 31. Qxg4 e4 32. Rxe4 Rxe4 33. dxe4 Rxe4 34. Qf3 Re1+ 35. Kg2 $1 Qxf3+ 36. Kxf3 Nc5 37. Re2 Rf1+ 38. Rf2 Re1 39. Re2 Rf1+ 40. Rf2 {[%emt 0:00:24] Weighted Error Value: White=0.05 (flawless) /Black=0.05 (flawless)} 1/2-1/2

[Event "15th Tashkent Open Agzamov 2022"]
[Site "Tashkent"]
[Date "2022.05.09"]
[Round "8.4"]
[White "Nigmatov, Ortik"]
[Black "Suleymenov, Alisher"]
[Result "0-1"]
[ECO "B99"]
[WhiteElo "2463"]
[BlackElo "2445"]
[Annotator "TA"]
[PlyCount "96"]
[EventDate "2022.05.05"]
[EventType "swiss"]
[EventCountry "UZB"]
[SourceTitle "playchess.com"]
[Source "ChessBase"]
[SourceQuality "1"]
[TimeControl "5400+30"]

1. e4 c5 2. Nf3 d6 3. d4 cxd4 4. Nxd4 Nf6 5. Nc3 a6 6. Bg5 e6 7. f4 Be7 8. Qf3 Qc7 9. O-O-O Nbd7 10. g4 b5 11. Bxf6 Nxf6 12. g5 Nd7 13. f5 O-O {[%emt 0:00:10] Hoping for ...b4. B99: Sicilian Najdorf: 6 Bg5 e6 7 f4 Be7 8 Qf3 Qc7 9 0-0-0 Nbd7.} 14. Rg1 (14. f6 gxf6 15. gxf6 Nxf6 $17) 14... b4 $1 15. Nce2 e5 $1 {[%emt 0:00:10] White has an edge.} 16. f6 $1 exd4 17. fxe7 Re8 18. Nxd4 (18. Rxd4 Ne5 19. Qe3 a5 $15) 18... Ne5 19. Qf4 Be6 20. Kb1 Rxe7 21. Nf5 Rd7 22. Rg2 {[%emt 0:10:01] [#]} a5 $146 ({Predecessor:} 22... Rad8 23. Ne3 d5 24. exd5 Bxd5 25. Nxd5 Rxd5 26. Rgd2 Rxd2 27. Rxd2 Rxd2 28. Qxd2 a5 {½-½ (49) Kosteniuk,A (2439)-Ju,W (2543) Beijing 2011}) 23. Bb5 Rdd8 24. Ba4 Nc4 25. Nd4 Bd7 $1 26. Bxd7 Rxd7 27. Rg3 (27. h4 $11) 27... Re8 $15 28. Nf5 Qb7 29. Rd4 {[%emt 0:03:41] [#]} (29. Rg4 $11 {keeps the balance.}) 29... Rxe4 $1 $17 {[%emt 0:02:43] ( -> ...Re1+)} 30. Qf2 {[%emt 0:04:26] Prevents Re1+.} (30. Nh6+ $2 gxh6 31. Rxe4 (31. gxh6+ $2 Kf8 $19) 31... Qxe4 $3 32. gxh6+ Kf8 33. Qxe4 (33. Rg8+ $2 Kxg8 34. Qc1 Ne3 $19) 33... Nd2+ 34. Kc1 Nxe4 $19) (30. Rxe4 Qxe4) 30... d5 31. Rgd3 Re8 $40 {[%emt 0:01:08][%mdl 128] Black has strong attack.} 32. Rd1 a4 33. Rf4 (33. Re1 $17 Rdd8 34. Rdd1) 33... b3 (33... Qc7 $19 {...Re5 is the strong threat.} 34. Qd4 Re5) 34. cxb3 $1 $15 axb3 35. Qd4 $1 bxa2+ 36. Ka1 Re5 {[%emt 0:00:49] Threatens to win with ...Qb3.} 37. Qc3 {[%emt 0:00:17] Inhibits Qb3.} Qb8 (37... Qb6 $1 $17) 38. b3 $2 {[%emt 0:01:02] [#]} (38. Rxc4 $11 dxc4 39. Rxd7 Rxf5 40. Qxc4) 38... Nb6 $2 (38... Rb7 $1 $19 39. Rf3 Rb4) 39. Qd4 ({White should play} 39. Rdf1 $15) 39... Rd8 $2 ({Better is} 39... Rb7 $1 $19 {[%cal Ob6c4] White must now prevent ...Nc4!} 40. Qg1 Kh8) 40. Nh6+ $1 $11 gxh6 41. gxh6 {[%emt 0:00:02] And now Qg1+ would win.} Rde8 (41... Nd7 $11 42. Qg1+ Kf8 43. Qg7+ Ke7 44. Rxf7+ Kd6 45. Rxd7+ Rxd7 46. Qf6+ Re6 47. Qf4+ Re5 48. Qf6+ Re6 49. Qf4+ Re5 50. Qf6+) 42. Qg1+ (42. Rg1+ $1 $16 Kh8 43. Rxf7) 42... Kf8 43. Qg7+ Ke7 44. Rxf7+ Kd8 $2 {[%emt 0:01:25] [#]} (44... Kd6 $1 $11 {and Black is okay.} 45. Rc1 (45. Rb7 Qd8 $11) 45... R8e7) 45. Qf6+ $1 $18 {[%emt 0:01:52][%mdl 1024] White has strong compensation.} R5e7 46. Re1 $2 (46. Rxe7 $18 Rxe7 47. Re1) 46... Nd7 47. Qg5 {[%emt 0:00:56][%mdl 8192] [#]} (47. Qxe7+ $11 {and White has nothing to worry.} Rxe7 48. Rexe7 Qxb3 49. Rxd7+ Kc8 50. Rc7+ Kb8 51. Rc1) 47... Qb4 ({Black should try} 47... Qxb3 $1 $19 {Strongly threatening ...Qc3+.} 48. Rfxe7 Qc3+ 49. Kxa2 Qc4+ 50. Kb1 (50. Ka1 $2 Qa4+ 51. Kb2 Qb4+ 52. Ka2 Rxe7 $19) 50... Qb4+ 51. Ka2 Rxe7 52. Rxe7 Qxe7 53. Qg8+ Kc7 54. Qxd5 Nc5) 48. Re3 (48. Rexe7 $17 Rxe7 49. Kxa2) 48... Qd4+ {[%emt 0:00:19] What a bad dream for White.  Weighted Error Value: White=0.55/Black=0.38} 0-1

[Event "15th Tashkent Open Agzamov 2022"]
[Site "Tashkent"]
[Date "2022.05.09"]
[Round "8.5"]
[White "Abdurakhmonov, Mukhammadali"]
[Black "Bernadskiy, Vitaliy"]
[Result "1-0"]
[ECO "A80"]
[WhiteElo "2308"]
[BlackElo "2636"]
[Annotator "TA"]
[PlyCount "75"]
[EventDate "2022.05.05"]
[EventType "swiss"]
[EventCountry "UZB"]
[SourceTitle "playchess.com"]
[Source "ChessBase"]
[SourceQuality "1"]
[TimeControl "5400+30"]

1. d4 f5 2. Nf3 Nf6 3. Bf4 e6 4. e3 b6 5. Nbd2 Bb7 6. h3 {[%emt 0:03:04] A80: Dutch Defence: Unusual White second moves.} g6 {[%emt 0:00:33] [#]} 7. Rg1 $146 ({Predecessor:} 7. Bd3 Bg7 8. c4 d6 9. O-O Nbd7 10. Qe2 Qe7 11. e4 e5 12. Bg5 f4 13. b4 {1-0 (57) Guichard,P (2415)-Paehtz,E (2473) Europe Echecs INT 2020}) 7... Bg7 8. g4 {[%emt 0:04:10] The position is equal.} fxg4 9. hxg4 Nc6 10. Bc4 Qe7 11. Ne5 (11. Bxc7 $2 d5 12. g5 Nh5 13. Bxb6 axb6 $19) (11. Qe2 $11) 11... Nxe5 12. Bxe5 O-O 13. f3 {[%emt 0:08:54] Against Ne4} (13. Qe2 $11 {remains equal.}) 13... Nd5 $17 14. Qe2 Bh6 15. Bxd5 exd5 16. Nf1 d6 17. Bg3 a5 (17... Rae8 $17 {[%cal Ob7a6] Strongly threatening ...Ba6!} 18. O-O-O Bxe3+ 19. Nxe3 Qxe3+ 20. Qxe3 Rxe3) 18. f4 (18. Rh1 $11 {keeps the balance.} Ba6 19. Qf2 Bxf1 20. Rxh6) 18... c5 ({Better is} 18... Ba6 $17 19. Qf3 Rae8) 19. Qh2 $14 Bg7 20. O-O-O $1 Ba6 21. f5 Rad8 (21... gxf5 22. Bxd6 Qf7 23. gxf5 Qxf5 24. Ng3 $18) 22. Bf4 (22. Re1 $14) 22... g5 $1 $36 {[%emt 0:00:57][%mdl 2048] Black has good play.} 23. Bg3 a4 24. Qg2 a3 $1 {[%emt 0:01:46] Hoping for ...axb2+.} 25. Qxd5+ Kh8 26. Qe6 (26. b3 $15) 26... axb2+ (26... Qb7 $1 $19 27. bxa3 (27. Bxd6 $2 Rfe8 $19) 27... Be2) 27. Kb1 $17 Qc7 (27... Qxe6 $17 28. fxe6 Rf6) 28. Rh1 $11 {[%emt 0:04:28] And now Nd2 would win.} (28. Kxb2 $2 Be2 29. Rd2 Bxg4 $19) 28... cxd4 29. Nd2 {[%emt 0:08:32][%cal Oh1h7] Prevents Bc4. Intending Rxh7+! and mate.} Bf6 30. Ne4 Rc8 (30... Rde8 $1 $11 31. Nxf6 (31. Qxd6 Qxd6 32. Nxd6 Rxe3 $11) 31... Rxe6 32. Rxh7+ Qxh7 33. Nxh7 Kxh7 34. fxe6 dxe3) 31. Rh2 {[%emt 0:02:31] White is more active.} (31. c3 $2 dxc3 $1 32. Kc2 Bb5 $1 $19) ({White should play} 31. Qb3 $1 $16 Qc6 32. Nxf6 Rxf6 33. Rh2 (33. Qxb2 Be2 $11)) 31... Bc4 $2 (31... d3 $1 $11 {and Black is okay.} 32. c3 Bc4 33. Bxd6 Bxe6 34. Bxc7 Bxf5 35. gxf5 Rxc7) 32. Bxd6 $2 {[%emt 0:02:07] [#]} (32. Qxd6 $18 Bxa2+ 33. Kxb2 (33. Kxa2 Qc4+ 34. Kb1 Qa4 $11)) 32... Qa7 {[%emt 0:00:50][%csl Gc4][%cal Ra7a2] [#]} 33. Rxh7+ $1 Qxh7 34. Nxf6 {[%emt 0:00:18] White wants to mate with Nd5. Really sharp!} Bxe6 35. Nxh7 Rfd8 {[%emt 0:00:32][%mdl 8192] [#]} (35... Rxf5 $11 {and Black has nothing to worry.} 36. gxf5 Bxf5 37. Rxd4 Bxh7) 36. Be5+ $1 $18 ({Weaker is} 36. fxe6 Kxh7 37. Rxd4 Rh8 $16) ({Not} 36. Nxg5 Rxd6 37. fxe6 (37. Nxe6 dxe3 38. Re1 Rd2 $19) 37... Rdc6 $16) 36... Kxh7 37. Rh1+ Kg8 38. fxe6 {[%emt 0:00:07] Weighted Error Value: White=0.34/Black=0.60} 1-0

[Event "15th Tashkent Open Agzamov 2022"]
[Site "Tashkent"]
[Date "2022.05.09"]
[Round "8.6"]
[White "Assaubayeva, Bibisara"]
[Black "Iskandarov, Misratdin"]
[Result "0-1"]
[ECO "E11"]
[WhiteElo "2439"]
[BlackElo "2601"]
[Annotator "TA"]
[PlyCount "80"]
[EventDate "2022.05.05"]
[EventType "swiss"]
[EventCountry "UZB"]
[SourceTitle "playchess.com"]
[Source "ChessBase"]
[SourceQuality "1"]
[TimeControl "5400+30"]

1. d4 e6 2. c4 Bb4+ 3. Bd2 Qe7 4. g3 Nc6 5. Nf3 Nf6 6. b3 {[%emt 0:00:16] E11: Bogo-Indian.} e5 {[%emt 0:01:17] [#]} 7. dxe5 $146 (7. d5 $14) ({Predecessor:} 7. d5 Bxd2+ 8. Qxd2 Nb8 9. d6 Qxd6 10. Qxd6 cxd6 11. Nc3 Ke7 12. Bg2 d5 13. Nxe5 d6 {½-½ (59) Melkumyan,H (2663)-Sadhwani,R (2545) chess24.com INT 2020}) 7... Nxe5 $15 8. Bg2 (8. Nxe5 $15 Qxe5 9. Bxb4 Qxa1 10. Qc2) 8... Nd3+ $1 $17 9. Kf1 {[%emt 0:00:19] [#]} Nxf2 {[%emt 0:00:12][%mdl 512] Black is much more active.} 10. Kxf2 {[%emt 0:02:53] [#] Hoping for Bxb4.} Bxd2 11. Nbxd2 Ng4+ 12. Ke1 {[%emt 0:00:03] Qb1 is the strong threat.} Ne3 $1 13. Qc1 {[%emt 0:00:02] Strongly threatening Bh3.} Nxg2+ 14. Kf2 {[%emt 0:00:02] And now e4 would win.} Ne3 15. Re1 O-O (15... Nf5 16. e4 Nh6 17. c5 $15) 16. Qc3 Re8 17. Nf1 Ng4+ ({And not} 17... Nf5 18. e4 Qc5+ 19. Kg2 $17) 18. Kg1 d6 19. e4 Bd7 20. Re2 Ne5 21. Nxe5 Qxe5 22. Qxe5 Rxe5 ({Not} 22... dxe5 23. Ne3 $17) 23. Rae1 Rae8 24. Kf2 Bc6 25. Nd2 h5 26. Re3 a5 27. R1e2 f6 28. Re1 Kf7 29. R1e2 g5 30. Re1 Kg6 31. R3e2 b5 32. cxb5 Bxb5 33. Re3 Rc5 {[%emt 0:00:08] Inhibits Rc3. Threatens to win with ...Rc2.} 34. Nb1 Rc2+ 35. Kg1 Bd7 ({Weaker is} 35... Rxa2 36. Nc3 Rd2 37. Nxb5 $16) 36. R3e2 Rxe2 37. Rxe2 d5 38. Nd2 Bc6 39. Re1 dxe4 40. Rc1 {[%emt 0:00:02] [#]} e3 $1 {[%emt 0:00:35] Weighted Error Value: White=0.25 (precise) /Black=0.05 (flawless)} 0-1

[Event "15th Tashkent Open Agzamov 2022"]
[Site "Tashkent"]
[Date "2022.05.09"]
[Round "8.7"]
[White "Mchedlishvili, Mikheil"]
[Black "Madaminov, Mukhiddin"]
[Result "1-0"]
[ECO "C78"]
[WhiteElo "2595"]
[BlackElo "2308"]
[Annotator "TA"]
[PlyCount "73"]
[EventDate "2022.05.05"]
[EventType "swiss"]
[EventCountry "UZB"]
[SourceTitle "playchess.com"]
[Source "ChessBase"]
[SourceQuality "1"]
[TimeControl "5400+30"]

1. e4 e5 2. Nf3 Nc6 3. Bb5 a6 4. Ba4 Nf6 5. d3 Bc5 6. c3 O-O 7. O-O d6 8. Re1 $1 {[%emt 0:03:41] C78: Ruy Lopez: Archangelsk and Möller Defences.} b5 9. Bb3 h6 10. Nbd2 {[%emt 0:12:07] The position is equal.} Bb6 11. Nf1 Ne7 12. h3 Ng6 13. Ng3 Be6 14. Bc2 c5 15. d4 {[%emt 0:01:11] [#]} cxd4 $146 ({Predecessor:} 15... Qc8 16. d5 Bxh3 17. gxh3 Qxh3 18. c4 bxc4 19. Qe2 c3 20. Qf1 Qg4 21. Nh2 Qd7 22. bxc3 Nh4 23. Bd1 c4 24. Be3 Ba5 {½-½ (24) Rosh,J (1814)-Dushyant,S (2261) Novi Sad 2021}) 16. cxd4 Re8 17. Be3 Ba5 18. Bd2 Bxd2 19. Qxd2 Qb6 20. Rad1 Rac8 21. Bb1 a5 22. Nf5 Red8 23. Nxh6+ gxh6 $15 24. Qxh6 Nh7 25. d5 Bd7 26. h4 {[%emt 0:00:18] [#] Black must now prevent h5.} Bg4 ({Much less strong is} 26... Nf6 27. Nh2 $16) (26... Re8 $1 $17 {and life is bright.} 27. Rc1 (27. h5 Nf4 $17) 27... Rc4) 27. Rd3 {[%emt 0:01:59] Threatens to win with Nh2.} Nf4 (27... Nf6 $14) 28. Rde3 {[%emt 0:09:40] The board is on fire.} ({White should try} 28. Ng5 $16 Nxg5 29. Qxg5+ Kh7 30. Qxg4) 28... Qa7 $2 {[%emt 0:04:41] [#]} (28... f6 $11 29. Nh2 Kh8 30. Nxg4 Rg8 31. Nxf6 Rxg2+ 32. Kh1 Rc7 33. Nxh7 (33. Rg1 $2 Rxg1+ 34. Kxg1 Rg7+ 35. Kf1 Qd8 $19) 33... Rg6 34. Qf8+ Rg8) 29. Nh2 $1 $40 {[%emt 0:03:35][%cal Bf3h2,Bh2g4,Bg4f6][%mdl 160] White has strong attack.} ({And not} 29. Ng5 f6 30. Nxh7 Qxh7 31. Qxh7+ Kxh7 $17) 29... Kh8 $2 (29... f5) 30. Nxg4 {[%emt 0:04:33] Threatening mate with Nf6.} Rg8 $2 (30... f5) 31. Nf6 {[%emt 0:00:58][%csl Gf6][%cal Rh6h7] White is clearly winning.} Rxg2+ 32. Kh1 Rg7 33. Rg1 Ng6 34. h5 Qe7 35. Rf3 Rf8 36. Rgg3 b4 37. Kg1 {[%emt 0:00:25] Weighted Error Value: White=0.15 (very precise) /Black=0.48} 1-0